 Dungeon Crawl Stone Soup version 0.29.0-5-ge4962eb29e (webtiles) character file.

Game seed: 13545533052501249038

163 ketsa the Caller (level 5, 0/35 (38) HPs)
             Began as a Hill Orc Summoner on Aug 28, 2022.
             Slain by a wight
             ... wielding a +0 halberd
              (2 damage)
             ... on level 4 of the Dungeon.
             The game lasted 00:20:20 (4692 turns).

ketsa the Caller (Hill Orc Summoner)                Turns: 4692, Time: 00:20:20

HP:   0/35 (38)     AC:  4    Str: 11    XL:     5   Next: 44%
MP:   2/8           EV: 12    Int: 17    God:
Gold: 155           SH:  0    Dex: 11    Spells: 3/9 levels left

rFire   . . .      SeeInvis .     - Unarmed
rCold   . . .      Faith    .   (no shield)
rNeg    . . .      Spirit   .   a - +0 robe
rPois   .          Reflect  .   (no helmet)
rElec   .          Harm     .   m - +0 cloak
rCorr   .          Rampage  .   h - +0 pair of gloves
Will    .....                   (no boots)
Stlth   ++........              (no amulet)
HPRegen 0.11/turn               (no ring)
MPRegen 0.11/turn               (no ring)

@: drained
A: no striking features
a: no special abilities


You were on level 4 of the Dungeon.
You visited 1 branch of the dungeon, and saw 4 of its levels.

You collected 155 gold pieces.

Inventory:

Hand Weapons
 c - a +0 dagger
 f - a +0 short sword
 i - a +0 short sword
Missiles
 d - 76 stones (quivered)
 v - 2 throwing nets
Armour
 a - a +0 robe (worn)
 h - a +0 pair of gloves (worn)
 m - a +0 cloak (worn)
 y - a +0 helmet
Jewellery
 k - a ring of fire
Scrolls
 e - 2 scrolls of blinking {unknown}
 g - 2 scrolls of fear {unknown}
 l - a scroll of enchant weapon {unknown}
 n - a scroll of magic mapping {unknown}
 o - 3 scrolls of summoning {unknown}
 t - a scroll of poison {unknown}
 u - 3 scrolls of teleportation
 w - a scroll of immolation {unknown}
Potions
 b - a potion of magic
 j - 3 potions of lignification
 p - 3 potions of resistance
 q - 3 potions of curing
 r - a potion of might
 s - 2 potions of berserk rage
 x - 2 potions of cancellation
 z - a potion of flight {unknown}


   Skills:
 + Level 1.1 Armour
 - Level 1.5 Dodging
 - Level 1.5 Stealth
 + Level 2.2 Unarmed Combat
 + Level 2.5 Spellcasting
 + Level 0.2 Hexes
 * Level 5.2 Summonings


You had 3 spell levels left.
You knew the following spells:

 Your Spells              Type           Power      Damage    Failure   Level
a - Summon Small Mammal   Summ           80%        N/A       2%          1
b - Call Imp              Summ           20%        N/A       3%          2
c - Call Canine Familiar  Summ           20%        N/A       6%          3

Your spell library contained the following spells:

 Spells                   Type           Power      Damage    Failure   Level
 Necrotise                Necr           8%         1d4       19%         1
 Sting                    Tmut/Pois      8%         1d3       19%         1
 Summon Guardian Golem    Hex/Summ       11%        N/A       19%         3
 Blink                    Tloc           4%         N/A       28%         2
 Poisonous Vapours        Pois/Air       4%         N/A       28%         2
 Lesser Beckoning         Tloc           2%         N/A       50%         3
 Stone Arrow              Conj/Erth      4%         3d7       50%         3
 Vampiric Draining        Necr           2%         2d6       50%         3
 Animate Armour           Summ/Erth      22%        N/A       52%         4
 Summon Lightning Spire   Summ/Air       11%        N/A       52%         4
 Animate Dead             Necr           2%         N/A       88%         4
 Olgreb's Toxic Radiance  Pois           2%         N/A       88%         4
 Agony                    Necr           2%         N/A       99%         5
 Manifold Assault         Tloc           2%         N/A       99%         5
 Haunt                    Necr/Summ      5%         N/A       100%        7
 Infestation              Necr           1%         N/A       100%        8
 Lehudib's Crystal Spear  Conj/Erth      1%         10d2      100%        8


Dungeon Overview and Level Annotations

Branches:
Dungeon (4/15)
 Temple: D:4-7

Altars:
Qazlal
Trog

Annotations:
D:2 1 exclusion
D:3 Ijyb


Message History

Confirm with . or Enter, or press ? or * to list all spells.
You open the door.
There is an open door here.
You open the door.
A wight comes into view. It is wielding a +0 halberd.
The wight closely misses you.
Your hound barely misses the wight.
The wight misses you.
Your hound closely misses the wight.
Your hound bites the wight but does no damage.
The wight barely misses you.
Your hound bites the wight but does no damage.
The wight hits you from afar with a +0 halberd!
Your hound bites the wight but does no damage.
Your hound barely misses the wight.
The wight completely misses you.
Your hound closely misses the wight.
The wight hits you from afar with a +0 halberd!
You feel drained.
Your hound bites the wight but does no damage.
Your hound bites the wight but does no damage.
There is an open door here.
The wight closely misses your hound.
Your hound bites the wight.
Your hound bites the wight but does no damage.
The wight hits your hound with a +0 halberd!
The wight drains your hound.
Your hound closely misses the wight.
The wight misses your hound.
Your hound closely misses the wight.
Casting: Call Canine Familiar (dangerous; 6% risk of failure)
Confirm with . or Enter, or press ? or * to list all spells.
A metallic apparition takes form in the air.
Your hound barely misses the wight.
The wight barely misses your hound.
Your hound barely misses the wight.
The wight hits your hound with a +0 halberd!
Your hound dies!
Your hound's corpse disappears in a puff of smoke!
Casting: Call Imp (safe; 3% risk of failure)
Confirm with . or Enter, or press ? or * to list all spells.
Your hound bites the wight.
You swap places.
Your hound closely misses the wight.
The wight hits you from afar with a +0 halberd!
* * * LOW HITPOINT WARNING * * *
You feel drained.
You die...

+.+ .... #.# ...#
+.+ ............#
#.### .............
+.'.#
..........#.###
#.### .........
#.#.###z# ........#
#...#8#h#
..#.....###.....@5#
..#..#..#.......###
#.#.##............#
#.#.......####....#
#.........# #....#
..........# #....##
##.....###.#
####..# .......#
#.# #..# .......#
#.# #..#


You could see a wight (ally target), a friendly hound (summoned) and a friendly
iron imp (summoned).

Vanquished Creatures
  An iguana (D:4)
  A worm (D:2)
  2 ball pythons
  2 bats
  An endoplasm (D:2)
  A giant cockroach (D:1)
  2 hobgoblins (D:3)
  3 quokkas
  2 frilled lizards
  2 kobolds (D:1)
  A rat (D:1)
18 creatures vanquished.

Vanquished Creatures (collateral kills)
  An iguana (D:4)
  3 adders
  3 dart slugs
  4 orcs (D:3)
  4 endoplasms
  9 goblins
  9 hobgoblins
  A quokka (D:3)
  4 ball pythons
  3 bats
  3 frilled lizards (D:2)
  4 kobolds
  2 rats (D:3)
50 creatures vanquished.

Grand Total: 68 creatures vanquished

Notes
Turn   | Place    | Note
-------+----------+-------------------------------------------
     0 | D:1      | ketsa the Hill Orc Summoner began the quest for the Orb.
     0 | D:1      | Reached XP level 1. HP: 14/14 MP: 3/3
   800 | D:1      | Reached XP level 2. HP: 20/20 MP: 1/4
   833 | D:1      | Learned a level 2 spell: Call Imp
  2040 | D:2      | Reached XP level 3. HP: 26/26 MP: 3/6
  2044 | D:2      | Learned a level 3 spell: Call Canine Familiar
  2391 | D:2      | Reached skill level 1 in Unarmed Combat
  2663 | D:2      | Found a faded altar of an unknown god.
  3036 | D:3      | Reached XP level 4. HP: 23/33 MP: 1/7
  3339 | D:3      | Found a bloodstained altar of Trog.
  3458 | D:3      | Noticed Ijyb
  3896 | D:3      | Found a stormy altar of Qazlal.
  4153 | D:4      | Reached skill level 5 in Summonings
  4153 | D:4      | Reached XP level 5. HP: 29/38 MP: 5/8
  4535 | D:4      | Reached skill level 1 in Armour
  4596 | D:4      | Noticed a phantom
  4692 | D:4      | Slain by a wight

Illustrated notes

Levels and vault maps discovered:
D:1:      minmay_arrival_four_houses, layout_basic
D:2:      layout_basic, hellmonk_ecumenical_altar_zigzags
D:3:      layout_rooms, trog_hazing_becter, lemuel_doored_altar,
          grunt_ministairs_7, minmay_box_of_dots, uniq_ijyb
D:4:      layout_cave_pools, lemuel_mausoleum_altar_kikubaaqudgha, serial_shops,
          shop, minivault_24

Skill      XL: |  1  2  3  4  5 |
---------------+----------------+-----
Spellcasting   | 2 |  2.5
Unarmed Combat | 1 2 |  2.2
Summonings     | 5 |  5.2
Armour         | 1 |  1.1
Dodging        | |  1.5
Stealth        | |  1.5
Hexes          | |  0.2

Action                   |  1- 3 |  4- 6 || total
-------------------------+-------+-------++-------
Melee: Dagger            |    21 |       ||    21
       Unarmed           |    52 |    49 ||   101
       Punch             |     1 |       ||     1
Throw: Stone             |       |     2 ||     2
 Cast: Summon Small Mamm |    33 |     7 ||    40
       Call Imp          |    13 |    15 ||    28
       Call Canine Famil |     3 |    13 ||    16
  Use: Scroll            |     5 |     2 ||     7
       Potion            |       |     1 ||     1
 Stab: Distracted        |     3 |       ||     3
       Sleeping          |     1 |     1 ||     2
Armor: Robe              |    11 |    21 ||    32
Dodge: Dodged            |    50 |    46 ||    96
